 Dungeon Crawl Stone Soup version 0.32-a0-35-gd9ff480968 (webtiles) character file.

Game seed: 7236786404861923271

1677 PriceMaster the Magician (level 9, 0/81 HPs)
             Began as an Octopode Conjurer on Jan 23, 2024.
             Was an Elder of Okawaru.
             Slain by a black bear (2 damage)
             ... on level 6 of the Dungeon.
             The game lasted 00:16:35 (5449 turns).

PriceMaster the Magician (Octopode Conjurer)        Turns: 5449, Time: 00:16:35

Health: 0/81       AC: 12    Str: 14    XL:     9   Next: 1%
Magic:  0/18       EV:  2    Int: 24    God:    Okawaru [****..]
Gold:   130        SH:  0    Dex:  9    Spells: 12/21 levels left

rFire   x . .        b - +0 scythe
rCold   + . .        (shield currently unavailable)
rNeg    + + .        (helmet currently unavailable)
rPois   +            h - amulet of guardian spirit
rElec   .            i - ring of ice
rCorr   .            a - ring "Gecotui" {Str+6 Int+2}
SInv    .            d - +5 ring of evasion
Will    .....        f - ring of positive energy
Stlth   +++          l - ring of positive energy
HPRegen 0.33/turn    (no ring)
MPRegen 0.16/turn    (no ring)
                     (no ring)

%: guardian spirit
@: tree-form, corroded
A: stationary, stasis, torment immunity, boosted hp, almost no armour,
(amphibious), 8 rings, (camouflage 1), (gelatinous body 1), (nimble swimmer 1),
(tentacles), clumsy 1
a: Renounce Religion, Heroism, Finesse


You were on level 6 of the Dungeon.
You worshipped Okawaru.
Okawaru was greatly pleased with you.
You were a tree.
You visited 1 branch of the dungeon, and saw 6 of its levels.

You collected 256 gold pieces.
You spent 126 gold pieces at shops.

Inventory:

Hand Weapons
 b - a +0 scythe (weapon)
 j - a +0 dagger
Jewellery
 a - the ring "Gecotui" (right branch) {Str+6 Int+2}
   (You acquired it on level 2 of the Dungeon)

   [ring of strength]

   Str+6:     It affects your strength (+6).
   Int+2:     It affects your intelligence (+2).
 d - a +5 ring of evasion (on tentacle)
 f - a ring of positive energy (on tentacle)
 h - an amulet of guardian spirit (around neck)
 i - a ring of ice (left branch)
 l - a ring of positive energy (on tentacle)
Wands
 c - a wand of acid (14)
 r - a wand of roots (7)
Scrolls
 k - 3 scrolls of teleportation
 n - 2 scrolls of amnesia
 o - a scroll of immolation {unknown}
 s - a scroll of enchant armour {unknown}
 t - 2 scrolls of identify
 u - a scroll of poison {unknown}
Potions
 e - a potion of lignification
 v - a potion of enlightenment {unknown}


   Skills:
 + Level 2.0 Fighting
 + Level 4.6 Polearms
 + Level 2.7 Dodging
 + Level 5.0 Stealth
 * Level 6.6 Spellcasting
 + Level 5.3 Conjurations
 + Level 3.8 Air Magic
 + Level 1.7 Alchemy


You had 12 spell levels left.
You knew the following spells:

 Your Spells              Type           Power      Damage    Failure   Level
a - Magic Dart            Conj           100%       1d8       1%          1
b - Searing Ray           Conj           66%        2d6       1%          2
c - Mercury Vapours       Alch/Air       42%        N/A       3%          2
d - Shock                 Conj/Air       100%       1d9       1%          1
e - Swiftness             Air            26%        N/A       4%          3

Your spell library contained the following spells:

 Spells                   Type           Power      Damage    Failure   Level
 Mephitic Cloud           Conj/Alch/Air  25%        N/A       4%          3
 Airstrike                Air            13%        2d(2-18)  16%         4
 Fulminant Prism          Conj/Alch      12%        3d9       17%         4
 Gell's Gravitas          Tloc           7%         N/A       22%         3
 Teleport Other           Tloc           7%         N/A       22%         3
 Iskenderun's Mystic Bla  Conj/Tloc      20%        2d6       24%         4
 Freezing Cloud           Conj/Ice/Air   17%        6-21      52%         5
 Dispersal                Tloc           3%         N/A       100%        6


Dungeon Overview and Level Annotations

Branches:
Dungeon (6/15)
 Temple: D:4-7

Altars:
Okawaru
Ru
Trog
The Shining One

Shops:
D:2 !   D:3 ?


Innate Abilities, Weirdness & Mutations

You are a tree.
Your roots penetrate the ground, keeping you stationary.
You cannot be teleported.
You are immune to unholy pain and torment.
Your maximum health is greatly increased.
You cannot wear most types of armour.
((You are amphibious.))
You can wear up to eight rings at the same time.
((Your skin changes colour to match your surroundings (Stealth+).))
((Your rubbery body absorbs attacks. (AC +1, EV +1)))
((You are camouflaged when in or above water. (Stealth+)))
((You have tentacles for arms and can constrict up to eight enemies at once.))
You are clumsy. (Dex -2)


Message History

The acid dragon claws you but does no damage.
You puncture the acid dragon!
The acid dragon is moderately wounded.
The black bear bites you but does no damage.
The black bear barely misses you. The black bear claws you.
* * * LOW HITPOINT WARNING * * *
The acid dragon bites you but does no damage.
The acid dragon claws you but does no damage.
You puncture the acid dragon!
The acid dragon is severely wounded.
The acid dragon bites you but does no damage.
The acid dragon claws you.
* * * LOW HITPOINT WARNING * * *
The black bear bites you.
* * * LOW HITPOINT WARNING * * *
The black bear completely misses you. The black bear barely misses you.
You feel better.
The black bear completely misses you. x2
The black bear claws you but does no damage.
The acid dragon bites you but does no damage.
The acid dragon claws you but does no damage.
You barely miss the acid dragon.
The acid dragon is severely wounded.
You feel like a meek peon again. The black bear bites you.
* * * LOW HITPOINT WARNING * * *
The black bear claws you but does no damage.
The black bear claws you.
* * * LOW HITPOINT WARNING * * *
The acid dragon spits acid at you. The splash of acid hits you!
* * * LOW HITPOINT WARNING * * *
Unknown command.
Okay, then.
You cannot teleport because you are held in place by your roots.
Okay, then.
Okay, then.
It was a potion of mutation.
You feel extremely strange.
You feel clumsy. The black bear bites you.
You die...

###.#.# ....#.### #
...#...# ###
.###...#.#####..
......#.......#
###..........#.# .
####....#....##.#.###.>.
........................
≈≈≈≈≈..♣...#.#†..<####.
....≈..Dh###.######
###.≈.........
....≈.#..#.#.##
_.#.≈....#....
..#.≈.##.# #.# ###.≈.
... ..# ....≈ .# .


You could see a black bear and an acid dragon (catching breath).

Vanquished Creatures
  Pikel (D:5)
  Sigmund (D:2)
  Menkaure (D:5)
  A black bear (D:5)
  An ogre (D:5)
  An ice beast (D:5)
  A lemure (D:5)
  2 scorpions
  A howler monkey (D:5)
  3 iguanas
  2 orc priests (D:5)
  4 hounds
  A sleepcap (D:5)
  Terence (D:3)
  3 orc wizards
  5 adders
  2 ufetubi (D:5)
  3 dart slugs
  4 orcs (D:5)
  10 ball pythons
  3 bats
  5 endoplasms
  8 giant cockroaches
  6 goblins
  10 hobgoblins
  4 jackals (D:2)
  5 kobolds
  5 quokkas
  6 frilled lizards
  3 rats
103 creatures vanquished.

Notes
Turn   | Place    | Note
-------+----------+-------------------------------------------
     0 | D:1      | PriceMaster the Octopode Conjurer began the quest for the
                  | Orb.
     0 | D:1      | Reached XP level 1. HP: 11/11 MP: 3/3
   149 | D:1      | Found a faded altar of an unknown god.
   158 | D:1      | Prayed at the altar of an unknown god.
   158 | D:1      | Became a worshipper of Warmaster Okawaru
   158 | D:1      | Reached * piety under Okawaru
   204 | D:1      | Reached XP level 2. HP: 17/17 MP: 3/5
   207 | D:1      | Learned a level 2 spell: Searing Ray
   293 | D:1      | Learned a level 2 spell: Mercury Vapours
   719 | D:1      | Reached XP level 3. HP: 21/21 MP: 1/6
  1011 | D:1      | Learned a level 1 spell: Shock
  1168 | D:2      | Noticed Sigmund
  1178 | D:2      | Identified a scroll of acquirement
  1178 | D:2      | Acquired the ring "Gecotui" {Str+6 Int+2}
  1195 | D:2      | Killed Sigmund
  1195 | D:2      | Reached ** piety under Okawaru
  1196 | D:2      | Reached skill level 3 in Spellcasting
  1196 | D:2      | Reached skill level 1 in Air Magic
  1196 | D:2      | Reached skill level 1 in Alchemy
  1196 | D:2      | Reached XP level 4. HP: 27/27 MP: 0/9
  1196 | D:2      | Reached XP level 5. HP: 31/31 MP: 0/10
  1511 | D:2      | Reached XP level 6. HP: 36/36 MP: 6/11
  1607 | D:2      | Reached skill level 4 in Spellcasting
  1639 | D:2      | Found Bapleth's Distillery.
  1676 | D:2      | Bought a potion of heal wounds for 70 gold pieces
  1904 | D:2      | Reached skill level 5 in Conjurations
  2074 | D:3      | Learned a level 3 spell: Swiftness
  2135 | D:3      | Noticed Terence
  2149 | D:3      | Killed Terence
  2394 | D:3      | Found Kes Kep's Magic Scroll Shoppe.
  2408 | D:3      | Bought a scroll of identify for 28 gold pieces
  2408 | D:3      | Bought a scroll of identify for 28 gold pieces
  2659 | D:4      | Reached skill level 1 in Polearms
  3370 | D:4      | Found a sacrificial altar of Ru.
  3396 | D:4      | Reached XP level 7. HP: 35/42 MP: 11/13
  3501 | D:5      | Entered Level 5 of the Dungeon
  3909 | D:5      | Reached *** piety under Okawaru
  3916 | D:5      | Reached skill level 1 in Fighting
  3916 | D:5      | Reached skill level 5 in Spellcasting
  4132 | D:5      | Noticed Pikel
  4149 | D:5      | Killed Pikel
  4149 | D:5      | Reached **** piety under Okawaru
  4150 | D:5      | Reached XP level 8. HP: 49/49 MP: 8/16
  4337 | D:5      | Reached skill level 6 in Spellcasting
  5057 | D:5      | Noticed Menkaure
  5064 | D:5      | Killed Menkaure
  5264 | D:5      | Reached ***** piety under Okawaru
  5265 | D:5      | Reached skill level 5 in Stealth
  5265 | D:5      | Reached XP level 9. HP: 39/54 MP: 8/18
  5330 | D:5      | Found a bloodstained altar of Trog.
  5424 | D:6      | Found a glowing golden altar of the Shining One.
  5448 | D:6      | HP: 2/81 [acid dragon/splash of acid (15)]
  5449 | D:6      | Gained mutation: You are clumsy. (Dex -2) [potion of
                  | mutation]
  5449 | D:6      | Slain by a black bear

Illustrated notes

Levels and vault maps discovered:
D:1:      sevenhm_arrival_forest_fort_large_2, layout_loops_ring,
          ebering_ecumenical_altar_box
D:2:      layout_basic, serial_shops, shop, minmay_misc_feat_plants,
          hangedman_feature_mirror, chequers_mini_garden, uniq_sigmund
D:3:      layout_rooms, serial_shops, shop, uniq_terence
D:4:      layout_loops_cross, nicolae_ru_great_annihilating_truth,
          dk_vineyard_2, hangedman_decor_lopped
D:5:      layout_loops_corners, marbit_many_paths, grunt_decor_mini_mirrors,
          uniq_pikel, uniq_menkaure
D:6:      layout_basic, tgw_kikubaaqudgha, minitemple,
          mainiacjoe_overflow_six_doors_small, mainiacjoe_overflow_brackets,
          enter_ossuary_2, uniq_maggie

Skill      XL: |  1  2  3  4  5  6  7  8 |
---------------+-------------------------+-----
Stealth        | 3 4 5 |  5.0
Spellcasting   | 3 4 5 6 |  6.6
Air Magic      | 1 2 3 |  3.8
Alchemy        | 1 |  1.7
Conjurations   | 5 |  5.3
Polearms       | 2 3 4 |  4.6
Fighting       | 1 2 |  2.0
Dodging        | |  2.7

Action                     |  1- 3 |  4- 6 |  7- 9 || total
---------------------------+-------+-------+-------++-------
  Melee: Unarmed           |    11 |       |       ||    11
         Constrict         |     6 |     7 |    15 ||    28
         Tentacles         |     4 |     7 |    18 ||    29
         Dagger            |     4 |       |       ||     4
         Halberd           |       |    48 |    69 ||   117
         Punch             |       |       |     1 ||     1
   Cast: Magic Dart        |    33 |     4 |       ||    37
         Mercury Vapours   |     6 |     4 |    11 ||    21
         Shock             |     9 |    48 |    10 ||    67
         Searing Ray       |     1 |     2 |     9 ||    12
         Swiftness         |       |     4 |    10 ||    14
 Invoke: Heroism           |       |       |     1 ||     1
    Use: Scroll            |     3 |     4 |     1 ||     8
         Potion            |     4 |     2 |     9 ||    15
   Stab: Sleeping          |       |    10 |     1 ||    11
 Armour: Skin              |     8 |    12 |    94 ||   114
  Dodge: Dodged            |    14 |    34 |    67 ||   115

Table legend: (Time is in decaauts)
 A = Elapsed time spent in this place.
 B = Non-inter-level travel time spent in this place.
 C = Inter-level travel time spent in this place.
 D = Time resting spent in this place.
 E = Time spent auto-exploring this place.
 F = Levels seen in this place.
 G = Mean time per level.
                   A        B        C        D        E       F      G
               +--------+--------+--------+--------+--------+-----+--------+
         Total |   5480 |   5308 |    172 |    644 |   3923 |   6 |  913.3 |
       Dungeon |   5480 |   5308 |    172 |    644 |   3923 |   6 |  913.3 |
               +--------+--------+--------+--------+--------+-----+--------+

Top non-repeatable levels by time:
     D:5: 1924 daAuts
     D:1: 1062 daAuts
     D:2: 1009 daAuts
     D:4: 913 daAuts
     D:3: 530 daAuts
     D:6: 40 daAuts
